 Dungeon Crawl Stone Soup version 0.26.1-2-gb8aa6d0cf2 (webtiles) character file.

Game seed: 8610191049438563898

68 Morgon the Skirmisher (level 4, 0/36 HPs)
             Began as a Mummy Fighter on Feb 12, 2021.
             Slain by a goblin
             ... wielding a +0 club
             ... led by Robin
              (4 damage)
             ... on level 2 of the Dungeon.
             The game lasted 00:09:26 (1606 turns).

Morgon the Skirmisher (Mummy Fighter)               Turns: 1606, Time: 00:09:27

Health: 0/36       AC:  6    Str: 20    XL:     4   Next: 1%
Magic:  4/4        EV:  9    Int:  7    God:
Gold:   67         SH:  0    Dex: 11    Spells: 3/3 levels left

rFire    . . .     SeeInvis .   a - +0 flail
rCold    + . .     Faith    .   (no shield)
rNeg     + + +     Spirit   .   b - +0 scale mail
rPois    ∞         Reflect  .   (no helmet)
rElec    .         Harm     .   (no cloak)
rCorr    .         Rampage  .   (no gloves)
Will     .....                  (no boots)
Stlth    ..........             (no amulet)
HPRegen  0.12/turn              e - ring of protection from fire
MPRegen  0.09/turn              (no ring)

@: no status effects
A: no potions, fire vulnerability, cold resistance 1, negative energy resistance
3, torment resistance, unbreathing
a: no special abilities


You were on level 2 of the Dungeon.
You visited 1 branch of the dungeon, and saw 2 of its levels.

You collected 67 gold pieces.

Inventory:

Hand Weapons
 a - a +0 flail (weapon)
Armour
 b - a +0 scale mail (worn)
 c - a +0 kite shield
 h - a +0 scale mail
Jewellery
 e - a ring of protection from fire (left hand)
 i - an uncursed amulet of magic regeneration {unknown}
Scrolls
 d - 2 scrolls of magic mapping {unknown}
 f - a scroll of identify {unknown}
 g - a scroll of blinking {unknown}
 j - a scroll of teleportation {unknown}


   Skills:
 + Level 3.6 Fighting
 + Level 2.5 Maces & Flails
 + Level 3.0 Armour
 - Level 2.4 Shields


You had 3 spell levels left.
You didn't know any spells.
Your spell library was empty.

Dungeon Overview and Level Annotations

Branches:
Dungeon (2/15)

Altars:
Nemelex Xobeh


Innate Abilities, Weirdness & Mutations

You do not drink.
Your flesh is vulnerable to fire.
You are immune to poison.
Your flesh is cold resistant. (rC+)
You are immune to negative energy. (rN+++)
You are immune to unholy pain and torment.
You can survive without breathing.


Message History

You completely miss Robin.
Robin is moderately wounded.
The hobgoblin no longer looks unusually strong.
The hobgoblin hits you. The goblin hits you with a +0 club.
Robin hits you with a +0 club.
* * * LOW HITPOINT WARNING * * *
The hobgoblin hits you but does no damage.
The goblin hits you with a +0 club.
* * * LOW HITPOINT WARNING * * *
Your scale mail prevents you from hitting Robin.
Robin is moderately wounded.
The goblin closely misses you.
The hobgoblin hits you but does no damage.
The goblin hits you but does no damage.
You thump Robin!
You kill Robin!
The hobgoblin hits you.
* * * LOW HITPOINT WARNING * * *
The goblin hits you with a +0 club.
You die...

#.# #.# #.# #.########
#.# #......... #.#
######..####### #.#
#....†..# # #.#
#.####.## #g###g####.#
#.# #.#
.ggggB...#!#####g####.##
#gg##g##)#.<..gg@)......
# #(#####.#g#######
#(...............
######.#..####### ##.###
#.# #)# #.# #### #.# #..


You could see 2 hobgoblins and 2 goblins.

Vanquished Creatures
  Robin (D:2)
  2 adders (D:2)
  An ooze (D:1)
  A dart slug (D:2)
  A leopard gecko (D:2)
  2 giant cockroaches (D:2)
  10 goblins
  7 hobgoblins
  3 jackals (D:1)
  5 kobolds
  A quokka (D:2)
  A frilled lizard (D:2)
  6 rats (D:1)
41 creatures vanquished.

Vanquished Creatures (others)
  A goblin (D:2)
1 creature vanquished.

Grand Total: 42 creatures vanquished

Notes
Turn   | Place    | Note
-------+----------+-------------------------------------------
     0 | D:1      | Morgon the Mummy Fighter began the quest for the Orb.
     0 | D:1      | Reached XP level 1. HP: 18/18 MP: 1/1
   170 | D:1      | Reached XP level 2. HP: 21/24 MP: 2/2
   645 | D:1      | Found a sparkling altar of Nemelex Xobeh.
  1143 | D:2      | Reached XP level 3. HP: 19/29 MP: 3/3
  1441 | D:2      | Reached XP level 4. HP: 18/36 MP: 4/4
  1456 | D:2      | Noticed Robin
  1606 | D:2      | Killed Robin
  1606 | D:2      | Slain by a goblin

Illustrated notes

Levels and vault maps discovered:
D:1:      dpeg_arrival_three_same_balls, layout_basic, hangedman_decor_points,
          nemelex_diamond_rough_becter
D:2:      layout_loops_ring, riverfiend_overflow_shadow_ancestor,
          lightli_temple_of_fire, serial_glass, glass_columns_a,
          glass_columns_b, uniq_sigmund, uniq_robin

Skill      XL: |  1  2  3 |
---------------+----------+-----
Maces & Flails | 2 |  2.5
Armour         | 3 |  3.0
Fighting       | |  3.6
Shields        | |  2.4

Action                   |  1- 3 |  4- 6 || total
-------------------------+-------+-------++-------
Melee: Flail             |   132 |    13 ||   145
Armor: Scale mail        |    53 |    10 ||    63
Dodge: Dodged            |    76 |    10 ||    86
